 Dungeon Crawl Stone Soup version 0.31-a0-112-gdf0485fa37 (webtiles) character file.

Game seed: 16117300397746362897

215 avis the Changer (level 5, 0/34 HPs)
             Began as an Octopode Transmuter on May 28, 2023.
             Slain by an orc wizard
             ... wielding a +0 dagger
              (3 damage)
             ... on level 4 of the Dungeon.
             The game lasted 00:15:52 (3673 turns).

avis the Changer (Octopode Transmuter)              Turns: 3673, Time: 00:15:54

Health: 0/34       AC:  2    Str: 11    XL:     5   Next: 92%
Magic:  6/8        EV: 19    Int: 16    God:
Gold:   88         SH:  0    Dex: 17    Spells: 3/9 levels left

rFire   . . .        a - melded +1 short sword (venom)
rCold   . . .        (shield currently unavailable)
rNeg    . . .        (helmet currently unavailable)
rPois   x            (no amulet)
rElec   .            (no ring)
rCorr   .            (no ring)
SInv    .            (no ring)
Will    .....        (no ring)
Stlth   ++           (no ring)
HPRegen 0.25/turn    (no ring)
MPRegen 0.11/turn    (no ring)
                     (no ring)

%: no passive effects
@: spider-form (expiring)
A: venomous fangs, almost no armour, (amphibious), 8 rings, tiny, (camouflage
1), (gelatinous body 1), (nimble swimmer 1), (tentacles)
a: End Transformation


You were on level 4 of the Dungeon.
You were a venomous arachnid creature.
You visited 1 branch of the dungeon, and saw 4 of its levels.

You collected 88 gold pieces.

Inventory:

Hand Weapons
 a - a +1 short sword of venom (melded)
 b - a +5 dagger
 p - a +0 flail of protection
 q - a +1 short sword of protection
 t - a +2 trident of protection
Missiles
 l - 2 poisoned darts
Jewellery
 c - a ring of fire
 g - a ring of protection from cold
 r - a +6 ring of intelligence
Scrolls
 f - 2 scrolls of identify {unknown}
 h - a scroll of enchant weapon {unknown}
 j - a scroll of fear {unknown}
 k - a scroll of teleportation {unknown}
 m - a scroll of vulnerability {unknown}
 o - a scroll of immolation {unknown}
Potions
 d - 2 potions of mutation {unknown}
 e - a potion of lignification
 i - a potion of invisibility {unknown}
 n - a potion of degeneration {unknown}
 s - 2 potions of heal wounds {unknown}


   Skills:
 - Level 2.0 Fighting
 - Level 2.0 Dodging
 - Level 2.0 Stealth
 - Level 3.0 Unarmed Combat
 * Level 2.5 Spellcasting
 - Level 5.0 Transmutations
 - Level 1.0 Poison Magic


You had 3 spell levels left.
You knew the following spells:

 Your Spells              Type           Power      Damage    Failure   Level
a - Beastly Appendage     Tmut           36%        N/A       10%         1
e - Wereblood             Tmut           18%        N/A       12%         2
p - Spider Form           Tmut/Pois      11%        N/A       36%         3

Your spell library contained the following spells:

 Spells                   Type           Power      Damage    Failure   Level
 Slow                     Hex            8%         N/A       41%         1
 Confusing Touch          Hex            2%         N/A       73%         3
 Vampiric Draining        Necr           2%         2d6       73%         3
 Ice Form                 Ice/Tmut       10%        N/A       77%         4


Dungeon Overview and Level Annotations

Branches:
Dungeon (4/15)
 Temple: D:4-7

Altars:
Elyvilon
Ru

Annotations:
D:1 scrolls behind fire


Innate Abilities, Weirdness & Mutations

You are a venomous arachnid creature.
You have venomous fangs.
You are tiny and dextrous.
Your spellcasting is less reliable in this form.
Your armour is entirely melded.
You are incapable of wielding weapons or throwing items.
You cannot wear most types of armour.
((You are amphibious.))
You can wear up to eight rings at the same time.
((Your skin changes colour to match your surroundings (Stealth+).))
((Your rubbery body absorbs attacks. (AC +1, EV +1)))
((You are camouflaged when in or above water. (Stealth+)))
((You have tentacles for arms and can constrict up to eight enemies at once.))


Message History

The orc priest is poisoned.
The orc priest hits you with a +2 short sword of freezing.
The orc priest freezes you.
The orc wizard hits you but does no damage.
You hit the orc wizard.
The orc wizard is poisoned.
The orc wizard is heavily wounded.
The orc priest closely misses you.
The orc wizard hits you with a +0 dagger.
You barely miss the orc priest.
The orc priest calls down the wrath of Beogh upon you.
Pain shoots through your body! The orc priest completely misses you.
The orc wizard points at you and mumbles some strange words.
The magic dart hits you!
You barely miss the orc priest.
The orc priest calls upon Beogh to heal the orc wizard.
The orc wizard is healed somewhat.
The orc priest barely misses you.
The orc wizard mumbles some strange words.
The orc wizard flickers and vanishes!
Deactivating autopickup; reactivate with Ctrl-A.
You hit the orc priest.
The orc priest is poisoned.
The orc priest is moderately wounded.
The orc priest misses you. The orc priest closely misses you.
Something closely misses you.
You barely miss something.
The orc priest hits you but does no damage.
The orc priest closely misses you. Something misses you.
You closely miss something.
The orc priest hits you with a +2 short sword of freezing.
The orc priest freezes you.
The orc priest hits you with a +0 short sword.
* * * LOW HITPOINT WARNING * * *
Something hits you but does no damage.
You hit something but do no damage.
Your transformation is almost over.
The orc priest hits you with a +2 short sword of freezing.
* * * LOW HITPOINT WARNING * * *
The orc priest freezes you.
* * * LOW HITPOINT WARNING * * *
The orc priest misses you. Something hits you.
You die...

## #.
##.# ##..
#..#
##)<#
#os##
......{o#
.......##
#####..
#.. #..
... ....


You could see 2 orc priests.

Vanquished Creatures
  A scorpion (D:3)
  Terence (D:3)
  2 orc wizards (D:3)
  An adder (D:3)
  A dart slug (D:2)
  11 orcs
  2 ball pythons
  6 bats
  2 endoplasms
  A giant cockroach (D:3)
  4 goblins
  4 hobgoblins (D:1)
  3 jackals (D:3)
  2 quokkas
  5 frilled lizards
  8 kobolds
  8 rats
62 creatures vanquished.

Vanquished Creatures (others)
  A hobgoblin (D:1)
1 creature vanquished.

Grand Total: 63 creatures vanquished

Notes
Turn   | Place    | Note
-------+----------+-------------------------------------------
     0 | D:1      | avis the Octopode Transmuter began the quest for the Orb.
     0 | D:1      | Reached XP level 1. HP: 13/13 MP: 3/3
     2 | D:1      | Noticed an electric eel
    75 | D:1      | Reached skill level 1 in Stealth
    90 | D:1      | Reached XP level 2. HP: 14/19 MP: 3/5
   902 | D:2      | Reached XP level 3. HP: 24/24 MP: 4/6
  1985 | D:3      | Noticed a scorpion
  1990 | D:3      | Learned a level 2 spell: Wereblood
  1994 | D:3      | Learned a level 3 spell: Spider Form
  2101 | D:3      | Killed a scorpion
  2102 | D:3      | Reached skill level 4 in Transmutations
  2102 | D:3      | Reached XP level 4. HP: 28/29 MP: 3/7
  2242 | D:3      | Noticed Terence
  2251 | D:3      | Killed Terence
  2252 | D:3      | Reached skill level 1 in Poison Magic
  2252 | D:3      | Reached XP level 5. HP: 23/34 MP: 0/8
  2504 | D:3      | Found a sacrificial altar of Ru.
  2515 | D:3      | Reached skill level 5 in Transmutations
  2985 | D:3      | Found a white marble altar of Elyvilon.
  3673 | D:4      | Slain by an orc wizard

Illustrated notes

Levels and vault maps discovered:
D:1:      arrival_aquarium_a, layout_loops_ring, lemuel_flame_loot_1
D:2:      layout_basic, serial_forest, infiniplex_forest_corner_2,
          infiniplex_forest_lined_3_way, infiniplex_forest_straight_2,
          infiniplex_forest_end_double, infiniplex_forest_corner_1,
          infiniplex_forest_3_way, infiniplex_forest_clump_C,
          infiniplex_forest_corner_1, infiniplex_forest_3_way
D:3:      layout_basic, nicolae_ru_great_annihilating_truth, elyvilon_altar_3,
          uniq_terence
D:4:      layout_layer_cave, chequers_ossuary_entry_cave, uniq_robin,
          uniq_menkaure, uniq_edmund, uniq_ijyb

Skill      XL: |  1  2  3  4  5 |
---------------+----------------+-----
Stealth        | 1 2 |  2.0
Fighting       | 2 |  2.0
Transmutations | 4 5 |  5.0
Poison Magic   | 1 |  1.0
Dodging        | |  2.0
Unarmed Combat | |  3.0
Spellcasting   | |  2.5

Action                     |  1- 3 |  4- 6 || total
---------------------------+-------+-------++-------
  Melee: Unarmed           |    18 |    26 ||    44
         Kick              |    23 |    14 ||    37
         Constrict         |    16 |    16 ||    32
         Tentacles         |    20 |    11 ||    31
         Short sword       |    70 |    49 ||   119
         Punch             |     4 |       ||     4
   Cast: Beastly Appendage |    30 |    13 ||    43
         Spider Form       |     1 |     3 ||     4
    Use: Potion            |       |     1 ||     1
   Stab: Sleeping          |     6 |     8 ||    14
 Armour: Skin              |     2 |    13 ||    15
  Dodge: Dodged            |    25 |    32 ||    57

Table legend: (Time is in decaauts)
 A = Elapsed time spent in this place.
 B = Non-inter-level travel time spent in this place.
 C = Inter-level travel time spent in this place.
 D = Time resting spent in this place.
 E = Time spent auto-exploring this place.
 F = Levels seen in this place.
 G = Mean time per level.
                   A        B        C        D        E       F      G
               +--------+--------+--------+--------+--------+-----+--------+
         Total |   3671 |   3347 |    324 |    504 |   2160 |   4 |  917.8 |
       Dungeon |   3671 |   3347 |    324 |    504 |   2160 |   4 |  917.8 |
               +--------+--------+--------+--------+--------+-----+--------+

Top non-repeatable levels by time:
     D:3: 1692 daAuts
     D:2: 1013 daAuts
     D:1: 956 daAuts
     D:4: 10 daAuts
